Unix NetHack Version 5.0.0-0 post-release - last build May  4 2026 22:22:43 (774f63e81ad911689b3a0859ea89b322d5daca8d,branch:main).

Game began 2026-05-09 12:48:55, ended 2026-05-09 17:31:13.

Galadhan1, lawful female human Valkyrie

                              ------           -------
                      ########...`.|           |.....|
                      #       |....|###########-.....|       -----
    ---------------- ##       |....|#          |......#      |...|
    |.........`..{.-##   #####-....|#          -.-----## ####-...|
    |..............|#    #    |....-#           #      # #   |...|
    |..............|   ###    --|---##          "    ########-...|
    ----------.-|---#  #        #   ###        #######  #%   |...|
          ##### ##### ##        ##### #          ##      #   -----
        ###        #  ############    ###         #     ###
        #          ## ####   ###        #####     #     # #
      ###          #-------------           a##---.----   #
  ----.-------- ####|...........|       ####a@ef.)....|   #   --------
  |.........|.|### #|....y......|       #     #|.....<|   #   |......|
  |........)..|# # #|...........|   #####     #.......|   ####-......|
  |...........|### #............-####          |......|       |......|
  -------------     |......>....|              --------       --------
                    -------------

Galadhan1 the Skirmisher    St:18/02 Dx:14 Co:18 In:7 Wi:9 Ch:7  Lawful
Dlvl:7  $:125 HP:0(47) Pw:19(19) AC:5  Xp:4 T:3092 

Latest messages:
 You kill the fox!
 You see here 15 gold pieces.
 $ - 15 gold pieces (125 in total).
 You see here a scale mail.
 You see here a scale mail.
 y - a scale mail.
 You are beginning to feel hungry.
 What do you want to eat? [rx or ?*] *
 This lichen corpse tastes okay.
 You finish eating the lichen corpse.
 In what direction? l
 The dagger hits the floating eye!
 You have no ammunition readied.
 What do you want to fire? [$g or ?*] *
 You ready: g - 2 daggers.
 In what direction? <space>
 In what direction? l
 The dagger misses the floating eye.
 In what direction? l
 The dagger hits the floating eye!
 You miss the floating eye.
 You are frozen by the floating eye's gaze!
 The kitten bites the floating eye.
 The kitten is frozen by the floating eye's gaze!
 The giant ant bites!
 The giant ant bites!
 The giant ant bites!
 The giant ant bites!
 The giant ant bites!
 The giant ant bites!
 The giant ant bites!
 The giant ant bites!
 The giant ant bites!
 The giant ant bites!
 The giant ant bites!
 The giant ant bites!
 The giant ant bites!
 The giant ant bites!
 The giant ant bites!
 The giant ant bites!
 The giant ant bites!
 The giant ant bites!
 The giant ant bites!
 The giant ant bites!
 You die...
 Do you want your possessions identified? [ynq] (y) y
 Do you want to see your attributes? [ynq] (y) y
 Do you want an account of creatures vanquished? [ynaq] (y) n
 Do you want to see your conduct and achievements? [ynq] (y) n
 Do you want to see the dungeon overview? [ynq] (y) n

Inventory:
 Coins    ('$')
  $ - 125 gold pieces
 Weapons  (')')
  a - a +1 spear (weapon in right hand)
 Armor    ('[')
  i - an uncursed +0 orcish helm (being worn)
  c - an uncursed +3 small shield (being worn)
  y - an uncursed +1 scale mail
 Comestibles  ('%')
  x - an uncursed food ration
 Scrolls  ('?')
  w - an uncursed scroll of identify
 Spellbooks  ('+')
  e - an uncursed spellbook of cancellation
 Potions  ('!')
  s - a blessed potion of healing
  t - 2 uncursed potions of healing
 Rings    ('=')
  l - an uncursed ring of polymorph control (on right hand)
 Tools    ('(')
  f - an uncursed sack containing 1 item
 Gems/Stones  ('*')
  j - an uncursed worthless piece of yellowish brown glass

Contents of the sack:
  an uncursed worthless piece of white glass

Galadhan1 the Valkyrie's attributes:

Background:
 You were a Skirmisher, a level 4 human Valkyrie.
 You were lawful, nominally on a mission for Tyr
 who was opposed by Odin (neutral) and Loki (chaotic).
 You were right-handed.
 You were in the Dungeons of Doom, on level 7.
 You entered the dungeon 3092 turns ago.
 You had 86 experience points, 74 more were needed to attain level 5.

Basics:
 You had 0 out of 47 hit points.
 You had all 19 energy points (spell power).
 Your armor class was 5.
 Your wallet contained 125 zorkmids.
 Autopickup was off.

Final Characteristics:
 Your strength was 18/02 (limit:18/100).
 Your dexterity was 14 (limit:18).
 Your constitution was 18 (limit:18).
 Your intelligence was 7 (limit:18).
 Your wisdom was 9 (limit:18).
 Your charisma was 7 (limit:18).

Final Status:
 You weren't hungry.
 You were unencumbered.
 You were wielding a spear.
 You had basic skill with spear.

Final Attributes:
 You were piously aligned.
 You were cold resistant.
 You were telepathic.
 You were stealthy.
 You had polymorph control.
 You are dead.

Miscellaneous:
 You didn't encounter any bones levels.
 Total elapsed playing time was 40 minutes and 42 seconds.

Major events:
 Turn
    1: Galadhan1 the lawful human Valkyrie entered the dungeon
 1641: attained the rank of Skirmisher (level 3)
 3092: killed by a giant ant, while frozen by a floating eye's gaze

You didn't know any spells.

Skills:
 Fighting Skills
   bare handed combat [Unskilled]
   two weapon combat  [Unskilled]
   riding             [Unskilled]
 Weapon Skills
   dagger             [Basic]
   axe                [Unskilled]
   pick-axe           [Unskilled]
   short sword        [Unskilled]
   broadsword         [Unskilled]
   long sword         [Unskilled]
   two-handed sword   [Unskilled]
   saber              [Unskilled]
   hammer             [Unskilled]
   quarterstaff       [Unskilled]
   polearms           [Unskilled]
   spear              [Basic]
   trident            [Unskilled]
   lance              [Unskilled]
   sling              [Unskilled]
 Spellcasting Skills
   attack spells      [Unskilled]
   escape spells      [Unskilled]

Voluntary challenges:
 Character rerolling was not enabled.
 You were an atheist.
 You never genocided any monsters.
 You never polymorphed an object.
 You never changed form.
 You used no wishes.
Achievement:
 You attained the rank of Skirmisher.

 The Dungeons of Doom: levels 1 to 7
    Level 1:
       Some fountains.
    Level 2:
    Level 3:
    Level 4:
    Level 5:
       A fountain, a sink.
    Level 6:
       An altar.
    Level 7: <- You were here.
       A sink, a grave.
       Final resting place for
          you, killed by a giant ant, while frozen by a floating eye's gaze.


Vanquished creatures:
  a shrieker
  a giant ant
  a floating eye
  a homunculus
  a rothe
  a giant bat
 an iguana
  a large kobold
  a hobgoblin
  a giant rat
  a cave spider
  a yellow mold
  a gnome zombie
  a gecko
  a jackal
  2 foxes
  a kobold
  a goblin
  2 sewer rats
  7 grid bugs
  4 lichens
  2 kobold zombies
  6 newts
40 creatures vanquished.

No species were genocided or became extinct.

Game over:
                       ----------
                      /          \
                     /    REST    \
                    /      IN      \
                   /     PEACE      \
                  /                  \
                  |    Galadhan1     |
                  |      125 Au      |
                  |   killed by a    |
                  |    giant ant     |
                  |                  |
                  |                  |
                  |       2026       |
                 *|     *  *  *      | *
        _________)/\\_//(\/(/\)/\//\/|_)_______

Farvel Galadhan1 the Valkyrie...

You died in The Dungeons of Doom on dungeon level 7 with 827 points,
and 125 pieces of gold, after 3092 moves.
You were level 4 with a maximum of 47 hit points when you died.

